 Dungeon Crawl Stone Soup version 0.25.0-9-g26727b657a (webtiles) character file.

Game seed: 9664461827743803020

1408 Lekan the Cutter (level 8, -8/67 HPs)
             Began as a Centaur Monk on June 18, 2020.
             Was a Believer of Ru.
             Mangled by a sixfirhy (15 damage)
             ... summoned by a kobold demonologist
             ... on level 6 of the Dungeon.
             The game lasted 00:49:22 (6660 turns).

Lekan the Cutter (Centaur Monk)                     Turns: 6660, Time: 00:49:25

Health: -8/67      AC:  7    Str: 14    XL:     8   Next: 42%
Magic:  8/8        EV: 11    Int:  9    God:    Ru [**....]
Gold:   203        SH:  0    Dex: 14    Spells: 7/7 levels left

rFire    + . .     SeeInvis .   s - +2 spear (freeze)
rCold    + . .     Gourm    .   (shield unavailable)
rNeg     + . .     Faith    .   x - +2 robe {rC+ rF+}
rPois    .         Spirit   .   z - +0 helmet
rElec    .         Reflect  .   (no cloak)
rCorr    .         Harm     .   (no gloves)
MR       .....                  (no barding)
Stlth    ++........             e - amulet of the acrobat
HPRegen  0.21/turn              (ring unavailable)
MPRegen  0.11/turn              v - ring of positive energy

@: very slightly contaminated, very quick
A: large, hooves 3, deformed body, speed 2, tough skin 3, missing a hand
a: Renounce Religion


You were on level 6 of the Dungeon.
You worshipped Ru.
Ru was pleased with you.
You were not hungry.

You visited 1 branch of the dungeon, and saw 6 of its levels.

You collected 203 gold pieces.

Inventory:

Hand Weapons
 c - a +3 dagger of venom
 s - a +2 spear of freezing (weapon)
 w - a +2 falchion of draining
Missiles
 i - 13 boomerangs
 l - 34 poisoned darts (quivered)
Armour
 a - a +0 robe
 f - a +0 chain mail
 n - a +3 leather armour
 p - a +0 leather armour
 q - a +1 ring mail
 x - a +2 robe of resistance (worn)
 z - a +0 helmet (worn)
Jewellery
 e - an amulet of the acrobat (around neck)
 m - an uncursed amulet of guardian spirit
 v - a ring of positive energy (right hand)
Wands
 r - a wand of paralysis (8)
 y - a wand of disintegration (12)
 B - a wand of clouds (4)
Scrolls
 d - a scroll of random uselessness {unknown}
 g - a scroll of identify
 j - 3 scrolls of remove curse
 k - a scroll of amnesia
 u - a scroll of magic mapping
Potions
 h - a potion of heal wounds
 o - a potion of curing {unknown}
Comestibles
 b - 9 rations
 A - 5 chunks of flesh


   Skills:
 * Level 4.3 Fighting
 - Level 5.4(5.5) Short Blades
 * Level 1.0(3.5) Long Blades
 + Level 3.8 Throwing
 * Level 2.6 Armour
 * Level 3.9 Dodging
 + Level 2.1 Stealth
 - Level 3.4 Unarmed Combat


You had 7 spell levels left.
You didn't know any spells.
Your spell library contained the following spells:

 Spells                   Type           Power        Failure   Level  Hunger
 Animate Skeleton         Necr           N/A          38%         1    ##.....
 Apportation              Tloc           #.....       38%         1    ##.....
 Corona                   Hex            #......      38%         1    ##.....
 Summon Small Mammal      Summ           #...         38%         1    ##.....


Dungeon Overview and Level Annotations

Branches:
Dungeon (6/15)             Temple (0/1) D:6

Altars:
Ru
Uskayaw


Innate Abilities, Weirdness & Mutations

You have hooves in place of feet.
Armour fits poorly on your strangely shaped body.
You cover ground very quickly.
You have extremely tough skin. (AC +3)
You are missing a hand.


Message History

The shadow imp disappears for a moment.
The orc priest invokes the aid of Beogh against you.
Beogh smites you!
You focus your will and illuminate the orc priest in retribution!
The kobold demonologist casts a cantrip, but nothing happens.
You hear a splashing noise.
Something hits the plant.
There is an open door here.
The sixfirhy barely misses you.
Unknown command.
The sixfirhy is stunned by your will and fails to attack.
The sixfirhy misses you.
There is a transporter here.
You enter the transporter and appear at another place.
The sixfirhy hits you!
* * * LOW HITPOINT WARNING * * *
The sixfirhy shocks you!
* * * LOW HITPOINT WARNING * * *
The sixfirhy hits you!
You die...

#.........
.#...#####.....<...
...................
.................#
.###############.#
.#8P#..5o5K5#≈8#.######
.#P.#≈≈≈≈≈≈≈#.P#.#....
.#..#..P≈5..#!$#3..#
©#©§'..≈♣≈4.'.§#@..#
.#..#..≈5P..#!$#...#
.#P.#≈≈≈≈≈≈≈#.P#.#.#
.#8P#....5.o#≈8#.#.#
[###############.# #
$................#
##################
......# ..)...#


You could see an ice devil (summoned), a kobold demonologist, a sixfirhy
(summoned), an iron imp (summoned), an orc priest (corona), a quasit (summoned)
and 2 shadow imps.

Vanquished Creatures
  A phantom (D:4)
  An ice beast (D:6)
  An ogre (D:5)
  3 centaurs
  2 crimson imps
  A howler monkey (D:4)
  A centaur zombie (D:5)
  4 orc priests
  A jelly (D:5)
  7 orc wizards
  Crazy Yiuf (D:2)
  An iguana (D:5)
  Ijyb (D:5)
  4 worker ants
  2 hound zombies
  2 hound skeletons
  5 adders
  A gnoll (D:1)
  2 oozes
  5 worms
  2 dart slugs
  2 leopard geckos
  21 orcs
  3 giant cockroaches
  2 goblins
  14 hobgoblins
  2 quokkas
  2 ball pythons (D:1)
  8 bats
  6 frilled lizards
  8 kobolds
  A quokka zombie (D:6)
  9 rats
126 creatures vanquished.

Notes
Turn   | Place    | Note
-------+----------+-------------------------------------------
     0 | D:1      | Lekan the Centaur Monk began the quest for the Orb.
     0 | D:1      | Reached XP level 1. HP: 19/19 MP: 1/1
    98 | D:1      | Reached XP level 2. HP: 17/26 MP: 2/2
   450 | D:1      | Reached XP level 3. HP: 31/31 MP: 3/3
  1405 | D:2      | Found a runed translucent door.
  1406 | D:2      | Noticed Crazy Yiuf
  1487 | D:2      | Reached skill level 1 in Short Blades
  1658 | D:2      | Killed Crazy Yiuf
  1658 | D:2      | Reached XP level 4. HP: 3/38 MP: 0/4
  2160 | D:3      | Reached skill level 2 in Short Blades
  2160 | D:3      | Reached skill level 1 in Throwing
  2160 | D:3      | Reached XP level 5. HP: 41/45 MP: 5/5
  3101 | D:4      | Found a hide-covered altar of Uskayaw.
  3101 | D:4      | Noticed a +0 dagger
  3102 | D:4      | Noticed a +0 hand axe
  3116 | D:4      | Noticed a phantom
  3549 | D:4      | Reached skill level 1 in Armour
  3549 | D:4      | Reached XP level 6. HP: 48/51 MP: 6/6
  3591 | D:4      | Reached skill level 3 in Short Blades
  4454 | D:4      | Reached XP level 7. HP: 57/57 MP: 7/7
  4762 | D:5      | Entered Level 5 of the Dungeon
  4882 | D:5      | Reached skill level 4 in Short Blades
  5591 | D:5      | Reached skill level 5 in Short Blades
  5591 | D:5      | Reached XP level 8. HP: 64/66 MP: 8/8
  5659 | D:5      | Noticed Ijyb
  5674 | D:5      | Killed Ijyb
  6170 | D:5      | Found a sacrificial altar of Ru.
  6175 | D:5      | Became a worshipper of Ru the Awakened
  6386 | D:6      | Found a staircase to the Ecumenical Temple.
  6435 | D:6      | Gained mutation: You are missing a hand. [Ru sacrifice]
  6435 | D:6      | Reached * piety under Ru
  6435 | D:6      | Reached ** piety under Ru
  6587 | D:6      | Found a transporter.
  6596 | D:6      | Reached skill level 1 in Long Blades
  6616 | D:6      | Noticed a kobold demonologist
  6620 | D:6      | Noticed a smoke demon
  6631 | D:6      | Noticed a smoke demon
  6649 | D:6      | Noticed an ice devil
  6651 | D:6      | Noticed a sixfirhy
  6654 | D:6      | Found a transporter.
  6660 | D:6      | Mangled by a sixfirhy

Illustrated notes

Levels and vault maps discovered:
D:1:      ncdulo_wetmaze, layout_basic
D:2:      lemuel_upstairs_altar, layout_basic, uniq_crazy_yiuf_cottage
D:3:      layout_rooms
D:4:      corexii_shack_village, layout_gridville, dancing_weapons_uskayaw
D:5:      layout_loops_ring, nicolae_ru_the_path_less_chosen, first_ration,
          uniq_ijyb
D:6:      gammafunk_wand_slinger, layout_basic, gammafunk_temple_overflow_claw,
          minmay_temple_entry_statues_pillars, serial_bayou_pond_b

Skill      XL: |  1  2  3  4  5  6  7  8 |
---------------+-------------------------+-----
Short Blades   | 1 2 3 5 |  5.4
Throwing       | 1 2 3 |  3.8
Dodging        | 3 |  3.9
Armour         | 1 2 |  2.6
Stealth        | 2 |  2.1
Fighting       | 4 |  4.3
Long Blades    | 1 |  1.0
Unarmed Combat | |  3.4

Action                   |  1- 3 |  4- 6 |  7- 9 || total
-------------------------+-------+-------+-------++-------
Melee: Dagger            |    83 |   147 |   110 ||   340
       Kick              |    23 |    49 |    46 ||   118
       Unarmed           |       |    19 |    10 ||    29
       Punch             |       |     1 |     5 ||     6
       Falchion          |       |       |    22 ||    22
       Spear             |       |       |    15 ||    15
Throw: Stone             |     4 |       |       ||     4
       Boomerang         |    11 |    15 |       ||    26
       Dart              |       |    33 |    37 ||    70
Invok: Sacrifice a Hand  |       |       |     1 ||     1
Evoke: Wand              |       |       |     1 ||     1
  Use: Scroll            |       |     8 |     4 ||    12
       Potion            |       |     5 |     1 ||     6
 Stab: Sleeping          |     2 |     2 |       ||     4
  Eat: Chunk             |     1 |     5 |     6 ||    12
       Ration            |       |     1 |       ||     1
Armor: Robe              |    19 |    18 |    31 ||    68
       Ring mail         |     5 |       |       ||     5
       Leather armour    |       |    17 |    19 ||    36
Dodge: Dodged            |    40 |    70 |    85 ||   195
       Rpst.: Falchion   |       |       |     4 ||     4
